 Dungeon Crawl Stone Soup version 0.29-a0-23-ga79f92ac9c (webtiles) character file.

Game seed: 9604609668502014733

854 Ajdolov the Ruffian (level 7, -1/66 HPs)
             Began as a Troll Monk on Jan 30, 2022.
             Killed from afar by an orc wizard (8 damage)
             ... with a magic dart
             ... on level 5 of the Dungeon.
             The game lasted 00:05:43 (2851 turns).

Ajdolov the Ruffian (Troll Monk)                    Turns: 2851, Time: 00:05:43

Health: -1/66      AC:  4    Str: 22    XL:     7   Next: 70%
Magic:  6/6        EV: 10    Int:  6    God:
Gold:   261        SH:  0    Dex: 12    Spells: 6/6 levels left

rFire   . . .      SeeInvis .     - Unarmed
rCold   . . .      Faith    .   (no shield)
rNeg    . . .      Spirit   .   a - +0 robe
rPois   .          Reflect  .   (helmet restricted)
rElec   .          Harm     .   (no cloak)
rCorr   .          Rampage  .   (gloves unavailable)
Will    .....                   (boots unavailable)
Stlth   ++........              (no amulet)
HPRegen 1.01/turn               (no ring)
MPRegen 0.10/turn               (no ring)

@: no status effects
A: large, unfitting armour, claws 3, regeneration 1, shaggy fur 1, tough skin 1
a: no special abilities


You were on level 5 of the Dungeon.
You visited 1 branch of the dungeon, and saw 5 of its levels.

You collected 261 gold pieces.

Inventory:

Missiles
 b - 67 stones (quivered)
 p - 4 large rocks
Armour
 a - a +0 robe (worn)
Scrolls
 c - 3 scrolls of teleportation {unknown}
 d - a scroll of fear {unknown}
 j - a scroll of enchant weapon {unknown}
 k - a scroll of immolation {unknown}
 l - a scroll of vulnerability {unknown}
 o - 3 scrolls of identify {unknown}
Potions
 e - 3 potions of cancellation
 f - a potion of magic {unknown}
 g - a potion of ambrosia {unknown}
 h - a potion of flight {unknown}
 i - a potion of brilliance {unknown}
 m - a potion of berserk rage {unknown}
 n - 2 potions of resistance


   Skills:
 - Level 2.4 Fighting
 + Level 4.2 Throwing
 - Level 2.4 Dodging
 - Level 1.0 Stealth
 * Level 7.9 Unarmed Combat


You had 6 spell levels left.
You didn't know any spells.
Your spell library contained the following spells:

 Spells                   Type           Power      Damage    Failure   Level
 Beastly Appendage        Tmut           0%         N/A       45%         1
 Magic Dart               Conj           0%         1d3       45%         1
 Ensorcelled Hibernation  Hex/Ice        0%         N/A       58%         2
 Passwall                 Tmut/Erth      0%         N/A       58%         2
 Searing Ray              Conj           0%         2d4       58%         2
 Wereblood                Tmut           0%         N/A       58%         2
 Spider Form              Tmut/Pois      0%         N/A       83%         3
 Swiftness                Air            0%         N/A       83%         3
 Fulminant Prism          Conj/Hex       0%         3d6       99%         4


Dungeon Overview and Level Annotations

Branches:
Dungeon (5/15)
 Temple: D:4-7

Altars:
Okawaru

Shops:
D:2 [


Innate Abilities, Weirdness & Mutations

You are too large for most types of armour.
You have claws for hands.
Your natural rate of healing is unusually fast.
You are covered in fur. (AC +1)
You have tough skin. (AC +1)


Message History

The orc warrior misses you.
Something tries to affect you, but you resist.
Items here: )) [ ††.
You claw the orc warrior!
The orc warrior is moderately wounded.
You closely miss the orc warrior.
The orc warrior is moderately wounded.
An orc wizard appears from thin air!
Reactivating autopickup.
The orc warrior hits you with a +0 scimitar!
You scratch the orc warrior.
The orc warrior is heavily wounded.
The orc warrior misses you.
You claw the orc warrior! Your claw misses the orc warrior.
The orc warrior is severely wounded.
The orc warrior barely misses you.
You barely miss the orc warrior. Your claw misses the orc warrior.
The orc warrior is severely wounded.
The orc warrior hits you with a +0 scimitar!!
You closely miss the orc warrior.
The orc warrior is severely wounded.
The orc wizard mumbles some strange words.
The orc wizard flickers and vanishes!
Deactivating autopickup; reactivate with Ctrl-A.
The orc warrior hits you with a +0 scimitar!
You scratch the orc warrior.
The orc warrior is almost dead.
The orc warrior hits you with a +0 scimitar!
* * * LOW HITPOINT WARNING * * *
You claw the orc warrior!
You kill the orc warrior!
You hear some strange, mumbled words.
A puff of flame appears from out of thin air!
The puff of flame hits you!
* * * LOW HITPOINT WARNING * * *
It was a potion of cancellation.
You feel magically purged.
Okay, then.
A magic dart appears from out of thin air!
The magic dart hits you!
You die...

# ####.# #..... #.. ..##.#
#####. .> #.##.# #. # #.
#.##.# #. #.
#.###.##.#########.
####.######.............))...
##........##.#...........#####
##.........##.........##..#
#..........###@..###..##..#
#...........{..#..........#
#...........##...##.#.###.#
#...........###...........#
#...........#............##
#............###########.#
#............# #.#
###########..# #.# ##.## #.#


There were no monsters in sight!

Vanquished Creatures
  Menkaure (D:4)
  Duvessa (D:4)
  2 orc warriors (D:5)
  A scorpion (D:4)
  Dowan (D:4)
  A jelly (D:4)
  A hound (D:5)
  A bullfrog skeleton (D:5)
  An orc wizard (D:5)
  2 hound skeletons
  6 gnolls
  5 adders
  A white imp (D:5)
  An adder skeleton (D:4)
  7 orcs
  8 bats
  11 endoplasms
  2 giant cockroaches (D:2)
  6 goblins
  5 hobgoblins
  3 jackals (D:3)
  4 quokkas
  5 ball pythons
  5 frilled lizards
  3 kobolds
  6 rats
90 creatures vanquished.

Notes
Turn   | Place    | Note
-------+----------+-------------------------------------------
     0 | D:1      | Ajdolov the Troll Monk began the quest for the Orb.
     0 | D:1      | Reached XP level 1. HP: 22/22 MP: 0/0
   162 | D:1      | Reached XP level 2. HP: 20/29 MP: 1/1
   419 | D:1      | Found a faded altar of an unknown god.
   477 | D:1      | Reached skill level 4 in Unarmed Combat
   600 | D:2      | Reached XP level 3. HP: 36/36 MP: 2/2
   609 | D:2      | Found Jaon Ari's Antique Armour Shop.
  1024 | D:2      | Reached skill level 1 in Throwing
  1210 | D:3      | Reached XP level 4. HP: 44/44 MP: 3/3
  1868 | D:4      | Reached skill level 5 in Unarmed Combat
  1958 | D:4      | Reached XP level 5. HP: 48/50 MP: 4/4
  1986 | D:4      | Noticed Dowan
  1987 | D:4      | Noticed Duvessa
  2025 | D:4      | Killed Duvessa
  2026 | D:4      | Reached skill level 6 in Unarmed Combat
  2026 | D:4      | Reached XP level 6. HP: 59/59 MP: 5/5
  2032 | D:4      | Killed Dowan
  2114 | D:4      | Found an iron altar of Okawaru.
  2315 | D:4      | Noticed Menkaure
  2320 | D:4      | Killed Menkaure
  2321 | D:4      | Reached XP level 7. HP: 33/66 MP: 6/6
  2514 | D:5      | Entered Level 5 of the Dungeon
  2525 | D:4      | Reached skill level 7 in Unarmed Combat
  2851 | D:5      | Killed from afar by an orc wizard

Illustrated notes

Levels and vault maps discovered:
D:1:      erik_arrival_triangle_medium, layout_basic,
          ebering_ecumenical_altar_hall
D:2:      layout_rooms, serial_shops, shop
D:3:      layout_loops_ring, nicolae_concentric_dashed_squares_wild
D:4:      layout_rooms, lemuel_doored_altar, minmay_pentangle, uniq_duvessa,
          uniq_menkaure
D:5:      layout_loops_ring, minmay_temple_entry_trees,
          hangedman_decor_opposing, kennysheep_cluttered_room, st_stairs_10,
          uniq_eustachio, uniq_crazy_yiuf_cottage

Skill      XL: |  1  2  3  4  5  6  7 |
---------------+----------------------+-----
Unarmed Combat | 4 5 6 7 |  7.9
Throwing       | 1 2 3 4 |  4.2
Fighting       | |  2.4
Dodging        | |  2.4
Stealth        | |  1.0

Action                   |  1- 3 |  4- 6 |  7- 9 || total
-------------------------+-------+-------+-------++-------
Melee: Unarmed           |    86 |    73 |    64 ||   223
       Punch             |       |     5 |     2 ||     7
Evoke: Wand              |       |     4 |       ||     4
  Use: Potion            |       |       |     1 ||     1
 Stab: Sleeping          |     5 |     1 |       ||     6
Armor: Robe              |    41 |    16 |     5 ||    62
Dodge: Dodged            |    44 |    20 |    17 ||    81

Table legend: (Time is in decaauts)
 A = Elapsed time spent in this place.
 B = Non-inter-level travel time spent in this place.
 C = Inter-level travel time spent in this place.
 D = Time resting spent in this place.
 E = Time spent auto-exploring this place.
 F = Levels seen in this place.
 G = Mean time per level.
                   A        B        C        D        E       F      G
               +--------+--------+--------+--------+--------+-----+--------+
         Total |   2829 |   2731 |     98 |      0 |   2063 |   5 |  565.8 |
       Dungeon |   2829 |   2731 |     98 |      0 |   2063 |   5 |  565.8 |
               +--------+--------+--------+--------+--------+-----+--------+

Top non-repeatable levels by time:
     D:4: 744 daAuts
     D:3: 714 daAuts
     D:1: 583 daAuts
     D:2: 495 daAuts
     D:5: 291 daAuts
